[ AOE2 MATCH · #466325444 ]
UnrankedMongols vs Mongols
Player's team · WIN
Rival team · LOSS
[ REPLAY ANALYSIS · EXTRACTED FROM THE RECORDED GAME ]
Feudal
8:30
Castle
19:52
Imperial
37:09
| APM avg | 38.8 |
| APM peak | 93 |
| eAPM avg | 23.1 |
| Villagers / military | 144 / 211 |
Focus
⚔️ 43.8% · 🌾 56.2%
Skirmisher ×93 · Steppe Lancer ×51 · Camel Scout ×37 · Mangudai ×16 · Monk ×5 · Trebuchet (Packed) ×5
Feudal
8:26
Castle
19:55
Imperial
38:43
| APM avg | 56.7 |
| APM peak | 127 |
| eAPM avg | 23.3 |
| Villagers / military | 130 / 207 |
Focus
⚔️ 43.6% · 🌾 56.4%
Cavalry Archer ×138 · Scout Cavalry ×59 · Mangonel ×4 · Trebuchet (Packed) ×3 · Monk ×2 · Spearman ×1
Match map
Initial resources + every placement click. Lines = walls · curves = elevation contours. ◆ gold · ⬟ stone · ● berries · ✦ relic · ◌ wall gap
Inputs per minute
— AmiraL_516 - - Nomad
Build order — AmiraL_516
First 150 of 437 actions detected
| 0:01 | Create | Villager (Male) |
| 0:01 | Create | Villager (Male) |
| 0:02 | Build | House |
| 0:04 | Build | House |
| 0:06 | Create | Villager (Male) |
| 0:13 | Create | Villager (Male) |
| 1:24 | Create | Villager (Male) |
| 1:25 | Create | Villager (Male) |
| 2:02 | Create | Villager (Male) |
| 2:14 | Build | Lumber Camp |
| 2:25 | Create | Villager (Male) |
| 2:25 | Create | Villager (Male) |
| 2:51 | Create | Villager (Male) |
| 2:51 | Create | Villager (Male) |
| 3:08 | Create | Villager (Male) |
| 3:44 | Create | Villager (Male) |
| 3:45 | Create | Villager (Male) |
| 3:45 | Create | Villager (Male) |
| 3:45 | Create | Villager (Male) |
| 3:51 | Build | House |
| 3:59 | Build | House |
| 4:03 | Create | Villager (Male) |
| 5:18 | Build | Mill |
| 5:21 | Create | Villager (Male) |
| 5:23 | Research | Loom |
| 5:47 | Create | Villager (Male) |
| 6:20 | Research | Feudal Age |
| 7:26 | Build | Barracks |
| 8:17 | Create | Villager (Male) |
| 8:30 | Age | Feudal Age |
| 8:33 | Build | Stable |
| 8:34 | Create | Villager (Male) |
| 8:36 | Research | Double-Bit Axe |
| 8:50 | Create | Villager (Male) |
| 8:53 | Build | House |
| 9:01 | Build | House |
| 9:03 | Build | Palisade Wall |
| 9:07 | Research | Horse Collar |
| 9:10 | Create | Scout Cavalry |
| 9:33 | Create | Scout Cavalry |
| 9:34 | Create | Villager (Male) |
| 9:43 | Build | Palisade Wall |
| 9:45 | Create | Scout Cavalry |
| 9:49 | Build | Mill |
| 9:56 | Build | Palisade Wall |
| 9:58 | Create | Spearman |
| 10:10 | Build | Palisade Wall |
| 10:13 | Build | Palisade Wall |
| 10:17 | Create | Villager (Male) |
| 10:24 | Build | Palisade Wall |
| 10:25 | Build | Palisade Wall |
| 10:30 | Build | Building 804 |
| 10:43 | Create | Villager (Male) |
| 10:53 | Create | Villager (Male) |
| 11:43 | Build | Farm |
| 11:43 | Build | Farm |
| 11:43 | Build | Farm |
| 11:43 | Build | Farm |
| 11:44 | Build | Farm |
| 11:44 | Build | Farm |
| 11:44 | Build | Farm |
| 11:44 | Build | Farm |
| 11:45 | Build | Farm |
| 11:46 | Create | Villager (Male) |
| 11:46 | Create | Villager (Male) |
| 12:18 | Create | Villager (Male) |
| 12:18 | Create | Villager (Male) |
| 12:45 | Build | Farm |
| 12:46 | Create | Villager (Male) |
| 13:20 | Create | Villager (Male) |
| 13:47 | Create | Villager (Male) |
| 13:49 | Research | Wheelbarrow |
| 14:19 | Create | Villager (Male) |
| 14:55 | Create | Villager (Male) |
| 15:18 | Build | Mining Camp |
| 16:18 | Create | Villager (Male) |
| 16:46 | Create | Villager (Male) |
| 16:47 | Build | Blacksmith |
| 17:12 | Research | Castle Age |
| 17:12 | Research | Castle Age |
| 17:16 | Build | Farm |
| 17:18 | Build | Farm |
| 17:18 | Build | Farm |
| 17:19 | Build | Farm |
| 17:19 | Build | Farm |
| 17:19 | Build | Farm |
| 17:20 | Build | Farm |
| 17:30 | Build | House |
| 17:32 | Build | House |
| 17:38 | Build | House |
| 17:42 | Build | Stable |
| 17:49 | Research | Bloodlines |
| 17:55 | Build | House |
| 17:58 | Build | House |
| 18:00 | Build | House |
| 18:32 | Build | Stable |
| 18:40 | Research | Scale Barding Armor |
| 19:17 | Research | Gold Mining |
| 19:25 | Build | House |
| 19:36 | Create | Villager (Male) |
| 19:52 | Age | Castle Age |
| 19:56 | Create | Steppe Lancer |
| 19:56 | Create | Steppe Lancer |
| 19:57 | Create | Steppe Lancer |
| 19:57 | Create | Steppe Lancer |
| 20:01 | Research | Bow Saw |
| 20:13 | Create | Villager (Male) |
| 20:22 | Create | Steppe Lancer |
| 20:22 | Create | Steppe Lancer |
| 20:25 | Create | Camel Scout |
| 20:25 | Create | Camel Scout |
| 20:25 | Create | Camel Scout |
| 20:50 | Create | Villager (Male) |
| 20:52 | Create | Camel Scout |
| 20:52 | Create | Camel Scout |
| 20:59 | Create | Camel Scout |
| 21:00 | Create | Camel Scout |
| 21:16 | Build | Town Center |
| 21:17 | Create | Villager (Male) |
| 21:23 | Create | Villager (Male) |
| 21:24 | Create | Camel Scout |
| 21:24 | Create | Camel Scout |
| 21:27 | Create | Camel Scout |
| 21:27 | Create | Camel Scout |
| 21:46 | Create | Camel Scout |
| 21:46 | Create | Camel Scout |
| 21:49 | Create | Villager (Male) |
| 21:49 | Create | Villager (Male) |
| 22:06 | Build | Town Center |
| 22:10 | Create | Villager (Male) |
| 22:18 | Create | Villager (Male) |
| 22:32 | Research | Husbandry |
| 22:49 | Create | Villager (Male) |
| 22:50 | Create | Villager (Male) |
| 22:55 | Build | Lumber Camp |
| 22:57 | Create | Camel Scout |
| 22:58 | Create | Camel Scout |
| 23:07 | Create | Villager (Male) |
| 23:10 | Build | Farm |
| 23:13 | Create | Villager (Male) |
| 23:35 | Create | Villager (Male) |
| 23:36 | Build | Farm |
| 23:38 | Build | Farm |
| 23:57 | Create | Villager (Male) |
| 23:58 | Create | Villager (Male) |
| 24:01 | Create | Camel Scout |
| 24:01 | Create | Camel Scout |
| 24:11 | Build | Farm |
| 24:16 | Create | Villager (Male) |
| 24:22 | Build | Monastery |
Build order — Nomad
First 150 of 494 actions detected
| 0:00 | Create | Villager (Male) |
| 0:01 | Create | Villager (Male) |
| 0:02 | Build | House |
| 0:03 | Build | House |
| 0:10 | Create | Villager (Male) |
| 0:10 | Create | Villager (Male) |
| 0:11 | Create | Villager (Male) |
| 1:31 | Create | Villager (Male) |
| 1:32 | Create | Villager (Male) |
| 1:44 | Build | Lumber Camp |
| 1:58 | Create | Villager (Male) |
| 1:58 | Create | Villager (Male) |
| 2:13 | Build | House |
| 2:16 | Create | Villager (Male) |
| 2:16 | Create | Villager (Male) |
| 2:45 | Create | Villager (Male) |
| 2:45 | Create | Villager (Male) |
| 2:45 | Create | Villager (Male) |
| 3:03 | Create | Villager (Male) |
| 3:03 | Create | Villager (Male) |
| 3:03 | Create | Villager (Male) |
| 3:21 | Create | Villager (Male) |
| 3:22 | Create | Villager (Male) |
| 4:01 | Create | Villager (Male) |
| 4:01 | Create | Villager (Male) |
| 4:22 | Create | Villager (Male) |
| 4:50 | Create | Villager (Male) |
| 4:52 | Create | Villager (Male) |
| 5:03 | Build | Mill |
| 6:11 | Research | Feudal Age |
| 6:50 | Create | Villager (Male) |
| 6:50 | Create | Villager (Male) |
| 6:51 | Research | Loom |
| 7:13 | Build | Barracks |
| 7:22 | Create | Villager (Male) |
| 7:30 | Build | House |
| 7:34 | Build | Palisade Wall |
| 7:35 | Build | Palisade Wall |
| 8:24 | Create | Villager (Male) |
| 8:26 | Age | Feudal Age |
| 8:34 | Build | Stable |
| 9:05 | Research | Double-Bit Axe |
| 9:12 | Research | Loom |
| 9:24 | Create | Scout Cavalry |
| 9:24 | Create | Scout Cavalry |
| 9:32 | Create | Scout Cavalry |
| 9:35 | Create | Spearman |
| 9:49 | Build | House |
| 9:53 | Build | Palisade Wall |
| 9:56 | Build | Mill |
| 9:57 | Create | Villager (Male) |
| 9:59 | Build | Farm |
| 10:13 | Build | House |
| 10:23 | Create | Villager (Male) |
| 10:29 | Build | Palisade Wall |
| 10:34 | Build | Palisade Wall |
| 10:37 | Create | Scout Cavalry |
| 10:40 | Build | Farm |
| 11:01 | Create | Villager (Male) |
| 11:09 | Build | Farm |
| 11:11 | Build | Farm |
| 11:19 | Build | Farm |
| 11:22 | Build | Farm |
| 11:52 | Create | Villager (Male) |
| 11:52 | Create | Villager (Male) |
| 11:52 | Create | Villager (Male) |
| 11:54 | Build | Farm |
| 11:56 | Build | Farm |
| 11:57 | Build | Farm |
| 12:11 | Create | Villager (Male) |
| 12:24 | Build | Farm |
| 12:26 | Build | Farm |
| 12:31 | Build | House |
| 12:35 | Build | Palisade Wall |
| 12:36 | Create | Villager (Male) |
| 12:58 | Create | Villager (Male) |
| 12:59 | Build | Farm |
| 13:10 | Create | Villager (Male) |
| 13:13 | Build | Farm |
| 13:26 | Create | Villager (Male) |
| 14:09 | Create | Villager (Male) |
| 14:14 | Build | Farm |
| 14:39 | Create | Villager (Male) |
| 14:40 | Build | Mining Camp |
| 15:10 | Create | Villager (Male) |
| 15:30 | Create | Villager (Male) |
| 15:30 | Create | Villager (Male) |
| 15:33 | Build | Blacksmith |
| 15:37 | Create | Villager (Male) |
| 15:37 | Create | Villager (Male) |
| 15:50 | Build | Palisade Wall |
| 15:53 | Build | Palisade Wall |
| 15:57 | Build | Palisade Wall |
| 16:07 | Create | Villager (Male) |
| 16:12 | Build | House |
| 17:15 | Research | Castle Age |
| 17:39 | Build | Lumber Camp |
| 17:42 | Build | Archery Range |
| 17:44 | Build | Archery Range |
| 17:51 | Build | Archery Range |
| 17:59 | Research | Fletching |
| 18:24 | Build | Building 804 |
| 18:27 | Build | House |
| 18:28 | Build | House |
| 18:28 | Build | House |
| 19:55 | Age | Castle Age |
| 19:55 | Create | Cavalry Archer |
| 19:56 | Create | Cavalry Archer |
| 19:56 | Create | Cavalry Archer |
| 19:57 | Create | Villager (Male) |
| 20:02 | Create | Cavalry Archer |
| 20:02 | Create | Cavalry Archer |
| 20:03 | Create | Cavalry Archer |
| 20:15 | Build | Town Center |
| 20:27 | Create | Villager (Male) |
| 20:29 | Build | House |
| 20:32 | Research | Bodkin Arrow |
| 20:34 | Research | Husbandry |
| 20:55 | Create | Cavalry Archer |
| 20:55 | Create | Cavalry Archer |
| 20:56 | Create | Villager (Male) |
| 21:07 | Research | Bow Saw |
| 21:09 | Create | Cavalry Archer |
| 21:09 | Create | Cavalry Archer |
| 21:17 | Create | Cavalry Archer |
| 21:18 | Create | Cavalry Archer |
| 21:46 | Create | Villager (Male) |
| 21:48 | Create | Villager (Male) |
| 21:50 | Create | Villager (Male) |
| 21:50 | Create | Villager (Male) |
| 21:50 | Create | Villager (Male) |
| 21:53 | Create | Cavalry Archer |
| 21:53 | Create | Cavalry Archer |
| 22:10 | Create | Cavalry Archer |
| 22:18 | Create | Villager (Male) |
| 22:23 | Create | Villager (Male) |
| 22:29 | Build | House |
| 22:29 | Build | House |
| 22:29 | Build | House |
| 22:30 | Build | House |
| 22:30 | Build | House |
| 22:35 | Create | Cavalry Archer |
| 22:35 | Create | Cavalry Archer |
| 22:36 | Create | Villager (Male) |
| 22:39 | Build | University |
| 22:50 | Create | Cavalry Archer |
| 22:59 | Build | House |
| 23:00 | Build | House |
| 23:03 | Research | Padded Archer Armor |
| 23:07 | Create | Cavalry Archer |
Match timeline
| 7:13 | Nomad · first_building Barracks |
| 7:26 | AmiraL_516 · first_building Barracks |
| 7:34 | Nomad · wall_segment Palisade Wall x1 |
| 7:35 | Nomad · wall_segment Palisade Wall x1 |
| 8:26 | Nomad · age_up feudal |
| 8:30 | AmiraL_516 · age_up feudal |
| 8:33 | AmiraL_516 · first_building Stable |
| 8:34 | Nomad · first_building Stable |
| 9:03 | AmiraL_516 · wall_segment Palisade Wall x5 |
| 9:43 | AmiraL_516 · wall_segment Palisade Wall x15 |
| 9:53 | Nomad · wall_segment Palisade Wall x14 |
| 9:56 | AmiraL_516 · wall_segment Palisade Wall x6 |
| 10:10 | AmiraL_516 · wall_segment Palisade Wall x5 |
| 10:13 | AmiraL_516 · wall_segment Palisade Wall x3 |
| 10:24 | AmiraL_516 · wall_segment Palisade Wall x5 |
| 10:25 | AmiraL_516 · wall_segment Palisade Wall x1 |
| 10:29 | Nomad · wall_segment Palisade Wall x12 |
| 10:34 | Nomad · wall_segment Palisade Wall x10 |
| 12:35 | Nomad · wall_segment Palisade Wall x8 |
| 15:50 | Nomad · wall_segment Palisade Wall x1 |
| 15:53 | Nomad · wall_segment Palisade Wall x1 |
| 15:57 | Nomad · wall_segment Palisade Wall x1 |
| 17:42 | Nomad · first_building Archery Range |
| 19:52 | AmiraL_516 · age_up castle |
| 19:55 | Nomad · age_up castle |
| 24:22 | AmiraL_516 · first_building Monastery |
| 26:48 | Nomad · first_building Monastery |
| 27:33 | Nomad · wall_segment Palisade Wall x1 |
| 30:17 | AmiraL_516 · first_building Archery Range |
| 31:29 | Nomad · first_building Castle |
| 33:39 | Nomad · first_building Siege Workshop |
| 35:32 | Nomad · first_market_buy 100 food |
| 37:09 | AmiraL_516 · age_up imperial |
| 37:26 | Nomad · first_market_sell 100 food |
| 38:02 | Nomad · wall_segment Palisade Wall x1 |
| 38:05 | Nomad · wall_segment Palisade Wall x1 |
| 38:07 | Nomad · wall_segment Palisade Wall x1 |
| 38:38 | AmiraL_516 · first_building Castle |
| 38:43 | Nomad · age_up imperial |
| 46:18 | Nomad · resign |
[ AI ANALYSIS · 1 CREDIT ]
What really happened in this match?
Wolo.gg analyzes every decision: build order, eco, micro, common mistakes by bracket. Personalized analysis on WhatsApp or Discord in 30 seconds.
Civ guide
Mongols
Perfil
Jugador #18347694